 Dungeon Crawl Stone Soup version 0.19-a0-1071-g4ed3155 (webtiles) character file.

30873 4thArraOfDagon the Severer (level 13, -6/117 HPs)
             Began as a Minotaur Berserker on Aug 5, 2016.
             Was an Elder of Trog.
             Mangled by a deep troll earth mage (12 damage)
             ... on level 1 of the Depths.
             The game lasted 00:23:09 (4055 turns).

4thArraOfDagon the Severer (Minotaur Berserker)     Turns: 4055, Time: 00:23:10

Health: -6/117     AC: 18    Str: 36    XL:     13   Next: 22%
Magic:  4/4        EV:  9    Int:  4    God:    Trog [****..]
Gold:   282        SH:  0    Dex:  8    Spells: 0 memorised, 12 levels left

rFire  + . .     SeeInvis .     O - +8 war axe of Gluttony {antimagic, *Confuse rF+ rC++}
rCold  + + +     Gourm    .     i - +3 plate armour {rC+}
rNeg   . . .     Faith    .     (no shield)
rPois  +         Spirit   .     (helmet restricted)
rElec  .         Dismiss  .     J - +0 cloak
rCorr  .         Reflect  .     t - +0 pair of gloves
SustAt .         Harm     .     (no boots)
MR     ++...     Clarity  +     (no amulet)
Stlth  ..........               G - +5 ring of strength
                                f - +3 ring of strength

@: exhausted, regenerating, slowed, drained, very slow
A: retaliatory headbutt, horns 2, rough black scales 1, berserk 1, blink, blurry
vision 1, clarity, deformed body, frail 1, poison resistance
a: Blink, Berserk, Trog's Hand, Brothers in Arms, Burn Spellbooks, Renounce
Religion


You were on level 1 of the Depths.
You worshipped Trog.
Trog was greatly pleased with you.
You were not hungry.

You visited 3 branches of the dungeon, and saw 18 of its levels.
You also visited: Ossuary and Ice Cave.

You collected 1224 gold pieces.
You spent 942 gold pieces at shops.

Inventory:

Hand Weapons
 a - a +0 hand axe
 o - a +3 hand axe of venom
 M - a +1 battleaxe of venom
 O - the +8 war axe of Gluttony (weapon) {antimagic, *Confuse rF+ rC++}
   (You bought it in a shop on level 2 of the Orcish Mines)

   It reduces the magical energy of the wielder, and disrupts the spells and
   magical abilities of those hit.
   Natural abilities and divine invocations are not affected.
   It protects you from fire.
   It greatly protects you from cold.
   It may confuse you when you take damage.
 P - the +10 war axe of Mayvodduycw {pain, Str+3}
   (You bought it in a shop on level 2 of the Orcish Mines)

   In the hands of one skilled in necromantic magic, it inflicts extra damage on
   living creatures.
   It affects your strength (+3).
Missiles
 Q - 23 stones (quivered)
Armour
 b - a +0 animal skin
 d - a +0 ring mail
 e - a troll hide
 i - a +3 plate armour of cold resistance (worn)
 j - a +0 plate armour
 t - a +0 pair of gloves (worn)
 w - a +0 buckler of reflection
 J - a +0 cloak (worn)
 L - a +1 chain mail of magic resistance
 N - a +2 shield
Jewellery
 c - a +3 ring of dexterity
 f - a +3 ring of strength (left hand)
 m - a -3 ring of dexterity
 F - an uncursed ring of stealth
 G - a +5 ring of strength (right hand)
Wands
 l - a wand of slowing (26/48)
 x - a wand of lightning (11/15)
 E - a wand of random effects (14/48)
 I - a wand of heal wounds (6/9)
 K - a wand of digging (17/24)
Scrolls
 g - 2 scrolls of remove curse
 s - 2 scrolls of teleportation
 y - a scroll of identify
 B - a scroll of blinking
 S - 3 scrolls of silence {unknown}
Potions
 k - a potion of heal wounds
 n - a potion of berserk rage {unknown}
 p - 2 potions of curing {unknown}
 q - a potion of resistance {unknown}
 u - 4 potions of agility {unknown}
 z - a potion of haste {unknown}
 A - a potion of cancellation
 C - a potion of lignification
 D - a potion of magic
 H - a potion of degeneration
Miscellaneous
 R - a box of beasts
Comestibles
 v - 2 meat rations


   Skills:
 * Level 16.5(16.3) Fighting
 * Level 16.5(16.4) Axes
 + Level 12.1(12.0) Armour
 - Level 2.1(2.0) Dodging


You had 12 spell levels left.
You didn't know any spells.

Dungeon Overview and Level Annotations

Branches:
Dungeon (15/15)            Temple (0/1) D:7             Orc (2/2) D:12
    Elf (0/3) Orc:2        Depths (1/5) D:15
   Lair: D:8-11      Vaults: D:13-14

Altars:
Makhleb
Okawaru
Beogh

Shops:
D:5 }   Orc:2 [((


Innate Abilities, Weirdness & Mutations

You reflexively headbutt those who attack you in melee.
You have a pair of horns on your head.
You are partially covered in rough black scales. (AC +2, Dex -1)
You tend to lose your temper in combat.
You can translocate small distances at will.
Scrolls take you a little longer to read.
You possess an exceptional clarity of mind.
Armour fits poorly on your strangely shaped body.
You are frail. (-10% HP)
Your system is resistant to poisons. (rPois)


Message History

Your skin crawls.
You feel resistant to hostile enchantments.
You feel quite a bit more hungry.
The deep troll earth mage gestures next to the deep troll shaman while chanting.
Some rock shatters into small pieces.
An ogre opens the door.
The deep troll earth mage gestures next to the ogre while chanting.
Some rock shatters into small pieces.
Unknown command.
Unknown command.
The deep troll earth mage gestures next to the human zombie while chanting.
Some rock shatters into small pieces.
A yaktaur comes into view.
You hear a distant "Zot"!
The deep troll earth mage bites you but does no damage.
The deep troll earth mage claws you. The deep troll earth mage claws you!!
* * * LOW HITPOINT WARNING * * *
The deep troll earth mage bites you!
* * * LOW HITPOINT WARNING * * *
The deep troll earth mage claws you!
You die...

### #<#
##.###.########.
#................
#######.......... . #
#.@#(...... . #..
#TT########.#.#
#..#####..Z#######.#.#
................... .
#.###.cO....####.# [#
#.#OD...#....###.##
#O#OQ...'..........
...O....#..........
.#.#.....#........#


You could see an ice dragon, a tengu warrior, a deep troll earth mage, a deep
troll shaman, a yaktaur, 5 ogres and a human zombie.

Vanquished Creatures
  2 orc warlords
  A fire dragon (Depths:1)
  Josephine (D:14)
  A deep troll earth mage (Depths:1)
  An orc high priest (Orc:2)
  A deep troll (shapeshifter) (D:15)
  A deep troll (Depths:1)
  3 hill giants
  An unseen horror (D:12)
  2 giant orange brains
  A necromancer (Depths:1)
  An ugly thing (D:15)
  7 orc sorcerers
  3 orc knights (Orc:2)
  A cyclops (D:12)
  A griffon (D:13)
  The ghost of Gagarin the Chucker, a novice TrHu (D:5)
  A spriggan skeleton (Depths:1)
  7 trolls
  3 two-headed ogres
  A meliai (shapeshifter) (D:15)
  A queen bee (shapeshifter) (D:15)
  An ettin zombie (Depths:1)
  A spriggan zombie (Depths:1)
  A raiju (shapeshifter) (D:15)
  8 slime creatures
  A centaur simulacrum (D:13)
  2 shadows (D:14)
  5 wraiths (D:14)
  10 yaks
  A basilisk (D:15)
  A hippogriff (D:14)
  3 hungry ghosts
  4 vampire mosquitoes (D:14)
  3 wargs
  3 sky beasts
  An ice beast (D:14)
  26 orc warriors
  8 ogres
  2 wasps (D:11)
  2 eyes of draining
  Purgy (D:4)
  3 phantoms
  2 wolves (IceCv)
  3 centaurs
  A wolf (shapeshifter) (D:15)
  A black bear (D:12)
  2 giant frogs
  A scorpion (D:11)
  A wyvern skeleton (D:14)
  2 troll zombies (D:12)
  4 crimson imps
  2 centaur zombies
  A hound (D:6)
  A jelly (D:12)
  13 orc priests
  A gnoll shaman (D:6)
  14 orc wizards
  An iguana (D:12)
  2 centaur skeletons
  9 worker ants
  4 ogre zombies (D:12)
  A hound zombie (D:11)
  8 mummies (Ossuary)
  4 gnolls (D:6)
  4 adders
  A shadow imp (D:6)
  A worm (D:3)
  A giant gecko (D:7)
  65 orcs
  A giant cockroach (D:5)
  2 gnoll zombies (Ossuary)
  2 hobgoblins (D:3)
  2 jackals (D:3)
  A quokka (D:12)
  A ball python (D:7)
  2 bats (D:3)
  A giant cockroach zombie (D:5)
  A giant newt (D:2)
  3 goblin skeletons (D:12)
  3 goblin zombies (D:12)
  A hobgoblin skeleton (D:12)
  4 hobgoblin zombies
  3 kobold zombies (Ossuary)
  2 orc skeletons (D:12)
  5 orc zombies
313 creatures vanquished.

Vanquished Creatures (others)
  An orc (Orc:1)
1 creature vanquished.

Grand Total: 314 creatures vanquished

Notes
Turn   | Place    | Note
-------+----------+-------------------------------------------
     0 | D:1      | 4thArraOfDagon the Minotaur Berserker began the quest for the Orb.
     0 | D:1      | Reached XP level 1. HP: 19/19 MP: 0/0
    34 | D:2      | Reached XP level 2. HP: 27/27 MP: 1/1
   183 | D:3      | Reached XP level 3. HP: 18/33 MP: 2/2
   199 | D:3      | Found an iron altar of Okawaru.
   323 | D:3      | Reached XP level 4. HP: 38/41 MP: 3/3
   337 | D:4      | Noticed an ogre
   343 | D:4      | Killed an ogre
   343 | D:4      | Reached skill level 5 in Fighting
   343 | D:4      | Reached skill level 5 in Axes
   343 | D:4      | Reached XP level 5. HP: 48/48 MP: 4/4
   396 | D:5      | Entered Level 5 of the Dungeon
   402 | D:5      | Found Uliozuath's Gadget Shoppe.
   478 | D:4      | Noticed Purgy
   483 | D:4      | Reached ** piety under Trog
   486 | D:4      | Killed Purgy
   489 | D:4      | Reached XP level 6. HP: 57/57 MP: 5/5
   554 | D:6      | Noticed an orc warrior
   559 | D:6      | Killed an orc warrior
   602 | D:6      | Reached XP level 7. HP: 60/64 MP: 6/6
   775 | D:6      | Reached skill level 5 in Armour
   801 | D:6      | Found a sand-covered staircase.
   810 | Ossuary  | Entered an ossuary
  1106 | D:7      | Reached XP level 8. HP: 74/74 MP: 7/7
  1178 | D:7      | Found a staircase to the Ecumenical Temple.
  1299 | D:10     | Entered Level 10 of the Dungeon
  1331 | D:11     | Noticed a hill giant
  1339 | D:11     | Reached *** piety under Trog
  1342 | D:11     | Killed a hill giant
  1393 | D:12     | Noticed a two-headed ogre
  1400 | D:12     | Killed a two-headed ogre
  1400 | D:12     | Reached XP level 9. HP: 29/84 MP: 8/8
  1416 | D:12     | Identified a scroll of acquirement
  1516 | D:12     | Reached skill level 10 in Fighting
  1516 | D:12     | Reached skill level 10 in Axes
  1532 | D:12     | Found a frozen archway.
  1560 | IceCv    | Entered an ice cave
  1580 | IceCv    | Noticed a polar bear
  1580 | IceCv    | Noticed a polar bear
  1581 | IceCv    | Noticed a polar bear
  1581 | IceCv    | Noticed a polar bear
  1606 | D:12     | Noticed a hill giant
  1614 | D:12     | Killed a hill giant
  1631 | D:12     | Noticed a troll
  1638 | D:12     | Killed a troll
  1642 | D:12     | Reached XP level 10. HP: 60/96 MP: 0/9
  1719 | D:12     | Noticed a cyclops
  1745 | D:12     | Killed a cyclops
  1752 | D:12     | Found a staircase to the Orcish Mines.
  1808 | Orc:1    | Entered Level 1 of the Orcish Mines
  1809 | Orc:1    | Noticed an orc sorcerer
  1811 | Orc:1    | Found a roughly hewn altar of Beogh.
  1820 | Orc:1    | Killed an orc sorcerer
  1828 | Orc:1    | Noticed an orc warlord
  1828 | Orc:1    | Noticed an orc sorcerer
  1830 | Orc:1    | Noticed an orc sorcerer
  1833 | Orc:1    | Noticed a rust devil
  1833 | Orc:1    | Noticed a sun demon
  1839 | Orc:1    | Noticed a rust devil
  1849 | D:12     | Killed an orc warlord
  1898 | Orc:1    | Killed an orc sorcerer
  1898 | Orc:1    | Killed an orc sorcerer
  1907 | Orc:1    | Reached XP level 11. HP: 91/106 MP: 10/10
  1962 | Orc:1    | Noticed an orc sorcerer
  1964 | Orc:1    | Noticed a soul eater
  2003 | Orc:1    | Killed an orc sorcerer
  2004 | Orc:1    | Noticed an orc sorcerer
  2017 | Orc:1    | Killed an orc sorcerer
  2216 | Orc:2    | Entered Level 2 of the Orcish Mines
  2242 | Orc:2    | Reached skill level 10 in Armour
  2311 | Orc:2    | Found a staircase to the Elven Halls.
  2404 | Orc:2    | Reached **** piety under Trog
  2413 | Orc:2    | Found a roughly hewn altar of Beogh.
  2422 | Orc:2    | Found a roughly hewn altar of Beogh.
  2449 | Orc:2    | Found a roughly hewn altar of Beogh.
  2475 | Orc:2    | Noticed an orc high priest
  2483 | Orc:2    | Killed an orc high priest
  2489 | Orc:2    | Found a roughly hewn altar of Beogh.
  2517 | Orc:2    | Found Astrask's Antique Weapon Shoppe.
  2638 | Orc:2    | Received a gift from Trog
  2681 | Orc:2    | Noticed an orc knight
  2683 | Orc:2    | Noticed an orc sorcerer
  2702 | Orc:2    | Killed an orc knight
  2711 | Orc:2    | Noticed an orc knight
  2712 | Orc:2    | Noticed an orc sorcerer
  2726 | Orc:2    | Killed an orc knight
  2741 | Orc:2    | Noticed an orc warlord
  2746 | Orc:2    | Killed an orc sorcerer
  2749 | Orc:2    | Killed an orc sorcerer
  2760 | Orc:2    | Killed an orc warlord
  2760 | Orc:2    | Reached XP level 12. HP: 49/118 MP: 11/11
  2761 | Orc:2    | Found Junis's Antique Weapon Boutique.
  2772 | Orc:2    | Found a roughly hewn altar of Beogh.
  2775 | Orc:2    | Found Cegomp's Antique Armour Shop.
  2786 | Orc:2    | Bought a crude war axe for 246 gold pieces
  2786 | Orc:2    | Bought a jewelled war axe for 246 gold pieces
  2787 | Orc:2    | Identified the +8 war axe of Gluttony {antimagic, *Confuse rF+ rC++} (You bought it in a shop on level 2 of the Orcish Mines)
  2788 | Orc:2    | Identified the +10 war axe of Mayvodduycw {pain, Str+3} (You bought it in a shop on level 2 of the Orcish Mines)
  3140 | D:5      | Noticed Gagarin's ghost (novice TrHu)
  3148 | D:5      | Killed Gagarin's ghost
  3170 | D:5      | Bought a wand of heal wounds (1/9) for 450 gold pieces
  3369 | D:12     | Reached skill level 15 in Fighting
  3405 | D:14     | Noticed Josephine
  3406 | D:14     | Reached skill level 15 in Axes
  3419 | D:14     | Killed Josephine
  3475 | D:13     | Found a burning altar of Makhleb.
  3514 | D:13     | Gained mutation: You expend magic power (3 MP) to strengthen your wands. [mutagenic meat]
  3517 | D:13     | Gained mutation: You are partially covered in rough black scales. (AC +2, Dex -1) [mutagenic meat]
  3523 | D:13     | Gained mutation: You are frail. (-10% HP) [mutagenic meat]
  3526 | D:13     | Gained mutation: You can translocate small distances at will. [mutagenic meat]
  3529 | D:13     | Gained mutation: You possess an exceptional clarity of mind. [mutagenic meat]
  3586 | D:15     | Entered Level 15 of the Dungeon
  3689 | D:14     | Reached ***** piety under Trog
  3832 | D:15     | Gained mutation: You tend to lose your temper in combat. [mutagenic meat]
  3835 | D:15     | Gained mutation: Armour fits poorly on your strangely shaped body. [mutagenic meat]
  3846 | D:15     | Lost mutation: You expend magic power (3 MP) to strengthen your wands. [mutagenic meat]
  3849 | D:15     | Gained mutation: You are very frail. (-20% HP) [mutagenic meat]
  3880 | D:15     | Found a staircase to the Depths.
  3888 | D:15     | Reached XP level 13. HP: 13/102 MP: 4/12
  3897 | D:15     | Gained mutation: Your system is resistant to poisons. (rPois) [mutagenic meat]
  3903 | D:15     | Lost mutation: You are very frail. (-20% HP) [mutagenic meat]
  3906 | D:15     | Gained mutation: Scrolls take you a little longer to read. [mutagenic meat]
  3950 | Depths:1 | Entered Level 1 of the Depths
  3971 | Depths:1 | Noticed a fire dragon
  3983 | Depths:1 | Killed a fire dragon
  4055 | Depths:1 | Mangled by a deep troll earth mage

Vault maps used:
D:1:      dpeg_arrival_castle, minmay_misc_feat_nine_boxes
D:2:      first_bread, grunt_ministairs_14
D:3:      lemuel_crystal_altar
D:4:      gammafunk_temple_overflow_wave, uniq_purgy, uniq_blork_the_orc
D:5:      serial_shops, nicolae_shop_window_shopping, nicolae_alphabet_shops,
          uniq_prince_ribbit1, uniq_duvessa, uniq_menkaure
D:6:      enter_ossuary_1, uniq_crazy_yiuf_cottage
D:7:      old_standard_altar, gammafunk_temple_overflow_statue,
          serial_co_window_serial, co_window_of_opportunity_a,
          co_window_paths_a, co_window_of_opportunity_a, co_window_paths_b,
          co_window_paths_a, co_window_corner_b, co_window_broadway_c,
          co_window_corner_ca, co_window_2corner, co_window_4corner_b
D:8:      david_lair_generic
D:9:      minmay_tri_box, serial_shops, nicolae_shop_crystal,
          hangedman_fish_farm, nooodl_food_tri
D:10:     hangedman_abyss_or_decor_stabs
D:11:     serial_shops, shop
D:12:     zombieorc1_lemuel, portal_ice_cave_entry_pillars_2
D:13:     erik_vaults_2, spider_trap, hangedman_feature_mirror, uniq_snorg
D:14:     minmay_misc_feat_encased, st_stairs_12, uniq_josephine
D:15:     gammafunk_enter_depths_forms
Orc:1:    basic_altar
Orc:2:    grunt_orc_community_town_hall, grunt_orc_community_big_house_2,
          grunt_orc_community_big_house_2, grunt_orc_community_house_2,
          grunt_orc_community_house_2, grunt_orc_community_house_2,
          grunt_orc_community_house_1, grunt_orc_community_house_3
Depths:1: special_room, hell_entry, minmay_misc_feat_tower, minmay_hidden_floor,
          uniq_saint_roka
Ossuary:  ossuary_tomb_3
IceCv:    ice_cave_caverns_02

Skill      XL: |  1  2  3  4  5  6  7  8  9 10 11 12 13 |
---------------+----------------------------------------+-----
Fighting       | 4 5 6 7 9 11 12 14 16 | 16.5
Axes           | 4 5 6 8 9 11 12 14 16 | 16.5
Armour         | 3 4 5 6 8 9 10 11 12 | 12.1
Dodging        | |  2.1

Action                   |  1- 3 |  4- 6 |  7- 9 | 10-12 | 13-15 || total
-------------------------+-------+-------+-------+-------+-------++-------
Melee: Hand axe          |    30 |    38 |   127 |   272 |       ||   467
       Headbutt          |     5 |    10 |    39 |   133 |    12 ||   199
       Battleaxe         |       |       |       |    64 |       ||    64
       War axe           |       |       |       |   166 |    30 ||   196
Throw: Throwing net      |       |       |     2 |       |       ||     2
Invok: Berserk           |     1 |     3 |     4 |    11 |     1 ||    20
       Trog's Hand       |       |       |     6 |    20 |     5 ||    31
  Use: Scroll            |       |       |    12 |     6 |       ||    18
       Potion            |       |       |       |     1 |       ||     1
 Stab: Held in net/web   |       |       |     1 |       |       ||     1
  Eat: Chunk             |       |     3 |     8 |    42 |     4 ||    57
       Beef jerky        |       |       |     1 |       |       ||     1
       Bread ration      |       |       |       |       |     1 ||     1
       Pizza             |       |       |       |       |     1 ||     1
Armor: Ring mail         |     8 |       |       |       |       ||     8
       Plate armour      |       |    18 |    77 |   232 |    20 ||   347
Dodge: Dodged            |    12 |    19 |    46 |   156 |    15 ||   248
Block: Buckler           |       |       |       |    14 |       ||    14
       Reflection        |       |       |       |     2 |       ||     2
